cohdb
Replays
Latest Replays
All Replays
Popular Replays
Top Player Replays
Match Explorer
How It Works
Community
CoH3 Stats
Reddit
Sign in to upload your games and track your stats! →
Sign in with Steam
Match 47377807
Unlisted
Match 47377807
Overview
Messages
Build Orders
End
250 Light Carrier
Panzergrenadier Squad
Panzergrenadier Squad
Construct Light Support Kompanie
Combat Half-tracks
Fire Support Elements
Vehicle Survival Package
Flakvierling Half-track
Flakvierling Half-track
Tungsten Core Ammunition
Panzerjäger Mechanized Group
Construct Panzerarmee Kommand
Emergency Repair Kits
Panzer III L Medium Tank
Selects Armored Support Battlegroup
Selects Veteran Gunners
Selects Salvage Kits
Selects Panzer Storm
Selects Stuka Dive Bomb
Pak 38 Mechanized Group
KMS Prinz Eugen
silence
Vestal not only Lucky
SHAMANSTEVE
Petranodon
BANTENG RAIDER
tubagznyven
CptDelaney
0
0
Comments
sign in to comment!
No comments posted yet!